TOP OF THE 1ST |
Oklahoma City 89ers batting - Pitching for Tulsa Drillers : RHP Alex Mazariegos
|
Pitching: RHP Alex Mazariegos
|
|
Batting: RHB James Glenn
|
0-0: Ball 1-0: Ball 2-0: Foul Ball, location: 2F 2-1: Swinging Strike 2-2: Ball 3-2: Fly out, F8 (Flyball, 8LD, EV 91.3 MPH)
|
Batting: RHB John Christensen
|
0-0: SINGLE (Groundball, 6MD, EV 97.5 MPH)
|
Batting: LHB Tom O'Malley
|
0-0: Called Strike 0-1: Ball 1-1: Ball 2-1: Ball 3-1: Foul Ball, location: 2F 3-2: Fly out, F7 (Flyball, 7D, EV 93.1 MPH)
|
Batting: RHB David Green
|
0-0: Ball 1-0: Ball 2-0: Ball 3-0: Swinging Strike 3-1: Fielders Choice at 2nd, 5-4 (Groundball, 5, EV 85.6 MPH)
|
Top of the 1st over - 0 runs, 1 hit, 0 errors, 1 left on base; Oklahoma City 0 - Tulsa 0 |
BOTTOM OF THE 1ST |
Tulsa Drillers batting - Pitching for Oklahoma City 89ers : LHP Mark Langston
|
Pitching: LHP Mark Langston
|
|
Batting: SHB Paul Householder
|
0-0: Foul Ball, location: 2F 0-1: Ball 1-1: Ball 2-1: Ball 3-1: Foul Ball, location: 2F 3-2: Foul Ball, location: 2F 3-2: Ground out 6-3 (Groundball, P, EV 84.4 MPH)
|
Batting: RHB Victor Rios
|
0-0: Foul Ball, location: 2F 0-1: Ball 1-1: Ground out 3-1 (Groundball, 34S, EV 65.6 MPH)
|
Batting: LHB Jim Adduci
|
0-0: Ball 1-0: SOLO HOME RUN (Flyball, 9D, EV 106.3 MPH), Distance : 350 ft
|
Batting: LHB Mike Pagliarulo
|
0-0: Swinging Strike 0-1: Called Strike 0-2: Foul Ball, location: 2F 0-2: Strikes out swinging
|
Bottom of the 1st over - 1 run, 1 hit, 0 errors, 0 left on base; Oklahoma City 0 - Tulsa 1 |
TOP OF THE 2ND |
Oklahoma City 89ers batting - Pitching for Tulsa Drillers : RHP Alex Mazariegos
|
Batting: RHB Cecil Fielder
|
0-0: Ball 1-0: Swinging Strike 1-1: Swinging Strike 1-2: Ball 2-2: Foul Ball, location: 2F 2-2: Strikes out looking
|
Batting: RHB Tim Tolman
|
0-0: Called Strike 0-1: Foul Ball, location: 2F 0-2: Reached on error, E5 (Groundball, 56, EV 85.0 MPH)
|
Batting: RHB Nick Esasky
|
0-0: Ball 1-0: Ball 2-0: Called Strike 2-1: 2-RUN HOME RUN (Flyball, 9D, EV 96.3 MPH), Distance : 385 ft
|
Batting: RHB Danny Jasso
|
0-0: Foul Ball, location: 2F 0-1: Ball 1-1: Swinging Strike 1-2: SINGLE (Line Drive, 89M, EV 102.5 MPH)
|
Batting: RHB Ron Tingley
|
0-0: Called Strike 0-1: Ball 1-1: Foul Ball, location: 2F 1-2: Ground out 4-3 (Groundball, 4D, EV 99.4 MPH) Danny Jasso to second
|
Batting: RHB James Glenn
|
0-0: Fly out, F8 (Flyball, 8RS, EV 72.5 MPH)
|
Top of the 2nd over - 2 runs, 2 hits, 1 error, 1 left on base; Oklahoma City 2 - Tulsa 1 |
BOTTOM OF THE 2ND |
Tulsa Drillers batting - Pitching for Oklahoma City 89ers : LHP Mark Langston
|
Batting: RHB Bob Grandas
|
0-0: Ball 1-0: Foul Ball, location: 2F 1-1: Ball 2-1: Swinging Strike 2-2: Ball 3-2: Foul Ball, location: 2F 3-2: Strikes out looking
|
Batting: SHB Luis Quinones
|
0-0: Called Strike 0-1: Swinging Strike 0-2: Fly out, F8 (Flyball, 89D, EV 103.1 MPH)
|
Batting: RHB Bob E Johnson
|
0-0: Called Strike 0-1: Foul Ball, location: 2F 0-2: Ball 1-2: Strikes out swinging
|
Bottom of the 2nd over - 0 runs, 0 hits, 0 errors, 0 left on base; Oklahoma City 2 - Tulsa 1 |
TOP OF THE 3RD |
Oklahoma City 89ers batting - Pitching for Tulsa Drillers : RHP Alex Mazariegos
|
Batting: RHB John Christensen
|
0-0: Called Strike 0-1: Foul Ball, location: 2F 0-2: Ball 1-2: Fly out, F4 (Popup, 4, EV 76.3 MPH)
|
Batting: LHB Tom O'Malley
|
0-0: Ball 1-0: Ball 2-0: Fly out, F8 (Flyball, 8LD, EV 94.4 MPH)
|
Batting: RHB David Green
|
0-0: SOLO HOME RUN (Flyball, 9LD, EV 101.9 MPH), Distance : 360 ft
|
Batting: RHB Cecil Fielder
|
0-0: Called Strike 0-1: Ground out 6-3 (Groundball, 56D, EV 100.6 MPH)
|
Top of the 3rd over - 1 run, 1 hit, 0 errors, 0 left on base; Oklahoma City 3 - Tulsa 1 |
BOTTOM OF THE 3RD |
Tulsa Drillers batting - Pitching for Oklahoma City 89ers : LHP Mark Langston
|
Batting: RHB Nick Belmonte
|
0-0: Foul Ball, location: 2F 0-1: Foul Ball, location: 2F 0-2: Ground out 5-3 (Groundball, 5S, EV 65.6 MPH)
|
Batting: RHB Kevin Coon
|
0-0: Ball 1-0: Fly out, F8 (Line Drive, 8RD, EV 84.4 MPH)
|
Batting: SHB Paul Householder
|
0-0: Ball 1-0: SINGLE (Groundball, 56D, EV 100.6 MPH)
|
Batting: RHB Victor Rios
|
0-0: Ball 1-0: Fly out, F8 (Flyball, 89XD, EV 89.4 MPH)
|
Bottom of the 3rd over - 0 runs, 1 hit, 0 errors, 1 left on base; Oklahoma City 3 - Tulsa 1 |
TOP OF THE 4TH |
Oklahoma City 89ers batting - Pitching for Tulsa Drillers : RHP Alex Mazariegos
|
Batting: RHB Tim Tolman
|
0-0: Foul Ball, location: 2F 0-1: Ground out 1-3 (Groundball, 13S, EV 73.8 MPH)
|
Batting: RHB Nick Esasky
|
0-0: Swinging Strike 0-1: Swinging Strike 0-2: Ball 1-2: Fly out, F7 (Flyball, 7S, EV 86.9 MPH)
|
Batting: RHB Danny Jasso
|
0-0: Ground out 6-3 (Groundball, 6S, EV 71.9 MPH)
|
Top of the 4th over - 0 runs, 0 hits, 0 errors, 0 left on base; Oklahoma City 3 - Tulsa 1 |
BOTTOM OF THE 4TH |
Tulsa Drillers batting - Pitching for Oklahoma City 89ers : LHP Mark Langston
|
Pitching: RHP Vicente Prieto
|
|
Batting: LHB Jim Adduci
|
0-0: Called Strike 0-1: Ball 1-1: Swinging Strike 1-2: Strikes out swinging
|
Batting: LHB Mike Pagliarulo
|
0-0: Ball 1-0: Ball 2-0: SINGLE (Line Drive, 8LM, EV 105.6 MPH)
|
Batting: RHB Bob Grandas
|
0-0: Fly out, F4 (Popup, 3DF, EV 49.4 MPH)
|
Batting: SHB Luis Quinones
|
0-0: Ball 1-0: Called Strike 1-1: Foul Ball, location: 2F 1-2: Ball 2-2: Foul Ball, location: 2F 2-2: Foul Ball, location: 2F 2-2: Ball 3-2: Base on Balls Mike Pagliarulo to second
|
Batting: RHB Bob E Johnson
|
0-0: Called Strike 0-1: Fly out, F4 (Flyball, 34D, EV 78.8 MPH)
|
Bottom of the 4th over - 0 runs, 1 hit, 0 errors, 2 left on base; Oklahoma City 3 - Tulsa 1 |
TOP OF THE 5TH |
Oklahoma City 89ers batting - Pitching for Tulsa Drillers : RHP Alex Mazariegos
|
Batting: RHB Ron Tingley
|
0-0: Fly out, F3 (Popup, 3SF, EV 77.5 MPH)
|
Batting: RHB James Glenn
|
0-0: Fly out, F4 (Flyball, 34D, EV 87.5 MPH)
|
Batting: RHB John Christensen
|
0-0: SINGLE (Line Drive, 6MD, EV 99.4 MPH)
|
Batting: LHB Tom O'Malley
|
0-0: Ball 1-0: Called Strike 1-1: SINGLE (Groundball, 3D, EV 101.3 MPH) John Christensen to second Runner from 2nd tries for 3rd, SAFE, throw by RF made to third
|
Batting: RHB David Green
|
0-0: Swinging Strike 0-1: Ball 1-1: Ball 2-1: Ground out 2-3 (Groundball, 13S, EV 70.0 MPH)
|
Top of the 5th over - 0 runs, 2 hits, 0 errors, 2 left on base; Oklahoma City 3 - Tulsa 1 |
BOTTOM OF THE 5TH |
Tulsa Drillers batting - Pitching for Oklahoma City 89ers : RHP Vicente Prieto
|
Batting: RHB Nick Belmonte
|
0-0: Foul Ball, location: 2F 0-1: Ball 1-1: Foul Ball, location: 2F 1-2: Ball 2-2: Ground out 6-3 (Groundball, 6, EV 104.4 MPH)
|
Batting: RHB Kevin Coon
|
0-0: Ball 1-0: Ball 2-0: Fly out, F7 (Flyball, 7, EV 71.9 MPH)
|
Batting: SHB Paul Householder
|
0-0: Ground out 4-3 (Groundball, 4, EV 98.8 MPH)
|
Bottom of the 5th over - 0 runs, 0 hits, 0 errors, 0 left on base; Oklahoma City 3 - Tulsa 1 |
TOP OF THE 6TH |
Oklahoma City 89ers batting - Pitching for Tulsa Drillers : RHP Alex Mazariegos
|
Batting: RHB Cecil Fielder
|
0-0: Called Strike 0-1: Ball 1-1: Foul Ball, location: 2F 1-2: Ball 2-2: Foul Ball, location: 2F 2-2: Foul Ball, location: 2F 2-2: Ball 3-2: Base on Balls
|
Batting: RHB Tim Tolman
|
0-0: Ball 1-0: Reached on error, E4 (Groundball, 34D, EV 98.8 MPH) Cecil Fielder to second
|
Batting: RHB Nick Esasky
|
0-0: Called Strike 0-1: SINGLE (Flyball, 6D, EV 98.1 MPH) Cecil Fielder to third Tim Tolman to second Runner from 3rd tries for Home, SAFE, throw by CF to home
|
Batting: RHB Danny Jasso
|
0-0: Bunt - Flyout to 5S! F5
|
Batting: RHB Ron Tingley
|
0-0: Fly out, F7 (Line Drive, 7, EV 95.0 MPH)
|
Batting: RHB James Glenn
|
0-0: Fly out, F8 (Flyball, 78D, EV 90.0 MPH)
|
Top of the 6th over - 1 run, 1 hit, 1 error, 2 left on base; Oklahoma City 4 - Tulsa 1 |
BOTTOM OF THE 6TH |
Tulsa Drillers batting - Pitching for Oklahoma City 89ers : RHP Vicente Prieto
|
Batting: RHB Victor Rios
|
0-0: Ball 1-0: Fly out, F7 (Flyball, 7, EV 88.1 MPH)
|
Batting: LHB Jim Adduci
|
0-0: Ball 1-0: Fly out, F7 (Flyball, 7LS, EV 82.5 MPH)
|
Batting: LHB Mike Pagliarulo
|
0-0: Called Strike 0-1: Called Strike 0-2: Ground out 4-3 (Groundball, 34D, EV 89.4 MPH)
|
Bottom of the 6th over - 0 runs, 0 hits, 0 errors, 0 left on base; Oklahoma City 4 - Tulsa 1 |
TOP OF THE 7TH |
Oklahoma City 89ers batting - Pitching for Tulsa Drillers : RHP Alex Mazariegos
|
Batting: RHB John Christensen
|
0-0: Foul Ball, location: 2F 0-1: Foul Ball, location: 2F 0-2: Foul Ball, location: 2F 0-2: Ball 1-2: Foul Ball, location: 2F 1-2: Foul Ball, location: 2F 1-2: Foul Ball, location: 2F 1-2: Foul Ball, location: 2F 1-2: Ball 2-2: Foul Ball, location: 2F 2-2: Ball 3-2: Fly out, F5 (Flyball, 5D, EV 78.1 MPH)
|
Batting: LHB Tom O'Malley
|
0-0: Fly out, F8 (Flyball, 8LS, EV 78.1 MPH)
|
Batting: RHB David Green
|
0-0: Ball 1-0: Foul Ball, location: 2F 1-1: Called Strike 1-2: Strikes out swinging
|
Top of the 7th over - 0 runs, 0 hits, 0 errors, 0 left on base; Oklahoma City 4 - Tulsa 1 |
BOTTOM OF THE 7TH |
Tulsa Drillers batting - Pitching for Oklahoma City 89ers : RHP Vicente Prieto
|
Batting: RHB Bob Grandas
|
0-0: Ball 1-0: Ball 2-0: Called Strike 2-1: Foul Ball, location: 2F 2-2: Strikes out swinging
|
Batting: SHB Luis Quinones
|
0-0: Called Strike 0-1: Ball 1-1: Ball 2-1: Foul Ball, location: 2F 2-2: Foul Ball, location: 2F 2-2: Ground out U3 (Groundball, 3L, EV 105.6 MPH)
|
Batting: RHB Bob E Johnson
|
0-0: Foul Ball, location: 2F 0-1: Foul Ball, location: 2F 0-2: Ball 1-2: Ball 2-2: Ball 3-2: SINGLE (Groundball, 56, EV 91.9 MPH) (infield hit)
|
Batting: RHB Nick Belmonte
|
0-0: Ball 1-0: Ground out 5-3 (Groundball, 56S, EV 86.9 MPH)
|
Bottom of the 7th over - 0 runs, 1 hit, 0 errors, 1 left on base; Oklahoma City 4 - Tulsa 1 |
TOP OF THE 8TH |
Oklahoma City 89ers batting - Pitching for Tulsa Drillers : RHP Alex Mazariegos
|
Batting: RHB Cecil Fielder
|
0-0: Fly out, F8 (Flyball, 78D, EV 77.5 MPH)
|
Batting: RHB Tim Tolman
|
0-0: Called Strike 0-1: Foul Ball, location: 2F 0-2: Ball 1-2: Fly out, F8 (Flyball, 89D, EV 101.9 MPH)
|
Batting: RHB Nick Esasky
|
0-0: Ball 1-0: Ground out U3 (Groundball, 3, EV 81.9 MPH)
|
Top of the 8th over - 0 runs, 0 hits, 0 errors, 0 left on base; Oklahoma City 4 - Tulsa 1 |
BOTTOM OF THE 8TH |
Tulsa Drillers batting - Pitching for Oklahoma City 89ers : RHP Vicente Prieto
|
Batting: RHB Kevin Coon
|
0-0: Swinging Strike 0-1: Ground out 5-3 (Groundball, 56, EV 81.9 MPH)
|
Batting: SHB Paul Householder
|
0-0: Called Strike 0-1: Ball 1-1: Called Strike 1-2: Ball 2-2: Ball 3-2: Foul Ball, location: 2F 3-2: Base on Balls
|
Pitching: RHP Ernie Camacho
|
|
Batting: RHB Victor Rios
|
0-0: Foul Ball, location: 2F 0-1: Called Strike 0-2: Ball 1-2: Foul Ball, location: 2F 1-2: Ball 2-2: Ball 3-2: Base on Balls Paul Householder to second
|
Batting: LHB Jim Adduci
|
0-0: SINGLE (Line Drive, 78M, EV 88.8 MPH) Paul Householder to third Victor Rios to second Runner from 3rd tries for Home, SAFE, throw by LF to home
|
Batting: LHB Mike Pagliarulo
|
0-0: Ball 1-0: Ball 2-0: Called Strike 2-1: Ball 3-1: Base on Balls Victor Rios to third Jim Adduci to second
|
Batting: LHB Randy Braun
|
0-0: Ball 1-0: Ball 2-0: Ball 3-0: Base on Balls Victor Rios scores Jim Adduci to third Mike Pagliarulo to second
|
Batting: SHB Luis Quinones
|
0-0: Called Strike 0-1: Ball 1-1: SINGLE (Groundball, 34D, EV 106.3 MPH) Jim Adduci scores Mike Pagliarulo to third Randy Braun to second Runner from 3rd tries for Home, SAFE, throw by RF to home
|
Batting: RHB Bob E Johnson
|
0-0: Ball 1-0: Ball 2-0: Ball 3-0: Called Strike 3-1: Foul Ball, location: 2F 3-2: Foul Ball, location: 2F 3-2: Fielders Choice at 2nd, 5-4 (Groundball, 56S, EV 91.3 MPH) Randy Braun to third
|
Batting: RHB Nick Belmonte
|
0-0: Ball 1-0: Foul Ball, location: 2F 1-1: Foul Ball, location: 2F 1-2: Ball 2-2: Fielders Choice at 2nd, 6-4 (Groundball, 6, EV 90.0 MPH)
|
Bottom of the 8th over - 4 runs, 2 hits, 0 errors, 2 left on base; Oklahoma City 4 - Tulsa 5 |
TOP OF THE 9TH |
Oklahoma City 89ers batting - Pitching for Tulsa Drillers : RHP Alex Mazariegos
|
Pitching: RHP Bert Roberge
|
|
Pinch Hitting: LHB Jorge Oquendo
|
0-0: Ball 1-0: Swinging Strike 1-1: Swinging Strike 1-2: Ball 2-2: Foul Ball, location: 2F 2-2: Ball 3-2: Base on Balls
|
Batting: RHB Ron Tingley
|
0-0: Sac Bunt to 25 - play at first, batter OUT! 5-3 Jorge Oquendo to second
|
Batting: RHB James Glenn
|
0-0: Called Strike 0-1: Foul Ball, location: 2F 0-2: Ball 1-2: Ground out 4-3 (Groundball, 4, EV 103.8 MPH) Jorge Oquendo to third
|
Batting: RHB John Christensen
|
0-0: Ball 1-0: Swinging Strike 1-1: DOUBLE (Line Drive, 7LS, EV 98.1 MPH) Jorge Oquendo scores
|
Batting: LHB Tom O'Malley
|
0-0: Ground out U3 (Groundball, 3, EV 91.9 MPH)
|
Top of the 9th over - 1 run, 1 hit, 0 errors, 1 left on base; Oklahoma City 5 - Tulsa 5 |
BOTTOM OF THE 9TH |
Tulsa Drillers batting - Pitching for Oklahoma City 89ers : RHP Ernie Camacho
|
Now at SS: Peter Reppucci
|
|
Pinch Hitting: LHB Casey Parsons
|
0-0: Ball 1-0: Foul Ball, location: 2F 1-1: SINGLE (Line Drive, 6D, EV 107.5 MPH)
|
Batting: SHB Paul Householder
|
0-0: Ball 1-0: Ball 2-0: Ball 3-0: Called Strike 3-1: Base on Balls Casey Parsons to second
|
Pitching: RHP Bob Forsch
|
|
Batting: RHB Victor Rios
|
0-0: Sac Bunt to P - play at first, batter OUT! 1-4 Casey Parsons to third Paul Householder to second
|
Batting: LHB Jim Adduci
|
0-0: Ball 1-0: Called Strike 1-1: Called Strike 1-2: Ball 2-2: Ball 3-2: Foul Ball, location: 2F 3-2: SINGLE (Groundball, 34, EV 97.5 MPH) Casey Parsons scores
|
Bottom of the 9th over - 1 run, 2 hits, 0 errors, 0 left on base; Oklahoma City 5 - Tulsa 6 |
|